 Dungeon Crawl Stone Soup version 0.19.0-19-g8c6edcc (webtiles) character file.

1940 dracos369 the Chiller (level 8, -1/66 HPs)
             Began as a Yellow Draconian Wizard on Nov 12, 2016.
             Was a Believer of Ashenzari.
             Slain by Duvessa
             ... wielding a +0 rapier
              (4 damage)
             ... on level 7 of the Dungeon on Nov 16, 2016.
             The game lasted 00:32:10 (6215 turns).

dracos369 the Chiller (Yellow Draconian Wizard)     Turns: 6215, Time: 00:32:11

Health: -1/66      AC: 18    Str:  9    XL:     8   Next: 98%
Magic:  16/16      EV: 12    Int: 21    God:    Ashenzari [**....]
Gold:   116        SH:  0    Dex: 14    Spells: 8 memorised, 0 levels left

rFire  . . .     SeeInvis .     p - +3 trident (protect) (curse)
rCold  . . .     Gourm    .     (armour unavailable)
rNeg   + . .     Faith    .     (no shield)
rPois  .         Spirit   .     a - +2 hat (curse)
rElec  .         Reflect  .     (no cloak)
rCorr  +         Harm     .     (no gloves)
MR     .....                    l - +2 pair of boots (curse)
Stlth  +.........               (no amulet)
                                s - ring of positive energy
                                o - +4 ring of dexterity

@: protection aura, heavily drained
A: spit acid, acid resistance, unfitting armour, cold-blooded, AC +6
a: Spit Acid, Curse Item, Scrying, Renounce Religion


You were on level 7 of the Dungeon.
You worshipped Ashenzari.
Ashenzari was pleased with you.
You were not hungry.

You visited 2 branches of the dungeon, and saw 8 of its levels.

You collected 421 gold pieces.
You spent 305 gold pieces at shops.

Inventory:

Hand Weapons
 p - a cursed +3 trident of protection (weapon)
 x - a +1 dagger of electrocution
Missiles
 u - 2 tomahawks (quivered)
Armour
 a - a cursed +2 hat (worn)
 l - a cursed +2 pair of boots (worn)
Jewellery
 o - a +4 ring of dexterity (left hand)
 s - a ring of positive energy (right hand)
Wands
 j - a wand of confusion (4/48)
Scrolls
 e - 5 scrolls of magic mapping {unknown}
 k - 2 scrolls of blinking {unknown}
 m - 6 scrolls of teleportation
 n - a scroll of immolation {unknown}
 q - 3 scrolls of recharging {unknown}
 v - a scroll of fog {unknown}
 y - a scroll of noise {unknown}
 z - 4 scrolls of remove curse
 A - a scroll of amnesia
 B - 3 scrolls of fear
 G - 3 scrolls of identify
Potions
 f - a potion of cure mutation
 g - a potion of haste
 i - 3 potions of heal wounds
 t - 2 potions of resistance
 w - a potion of mutation {unknown}
 C - a potion of lignification {unknown}
Books
 b - a book of Minor Magic

   Spells                             Type                      Level
   a - Magic Dart                     Conjuration                  1
   b - Blink                          Translocation                2
   c - Call Imp                       Summoning                    2
   d - Repel Missiles                 Charms/Air                   2
   e - Slow                           Hexes                        2
   f - Conjure Flame                  Conjuration/Fire             3
   g - Mephitic Cloud                 Conjuration/Poison/Air       3
 F - a book of Frost

   Spells                             Type                      Level
   a - Freeze                         Ice                          1
   b - Throw Frost                    Conjuration/Ice              2
   c - Ozocubu's Armour               Charms/Ice                   3
   d - Throw Icicle                   Conjuration/Ice              4
   e - Summon Ice Beast               Ice/Summoning                4
Comestibles
 c - 4 bread rations
 d - a meat ration
 r - a beef jerky


   Skills:
 - Level 4.0(2.4) Fighting
 - Level 3.1(1.5) Dodging
 - Level 1.7(0.2) Stealth
 + Level 5.6(3.9) Spellcasting
 - Level 6.1(4.3) Conjurations
 - Level 1.0(0.0) Summonings
 - Level 1.0(0.0) Translocations
 + Level 6.7(4.9) Ice Magic


You couldn't memorise any spells.
You knew the following spells:

 Your Spells              Type           Power        Failure   Level  Hunger
a - Magic Dart            Conj           ###.         1%          1    None
b - Blink                 Tloc           N/A          21%         2    #......
c - Conjure Flame         Conj/Fire      ##......     17%         3    ###....
d - Call Imp              Summ           #.......     21%         2    #......
e - Freeze                Ice            ###.         1%          1    None
f - Summon Ice Beast      Ice/Summ       ##......     54%         4    ####...
o - Ozocubu's Armour      Chrm/Ice       ##......     17%         3    ###....
u - Repel Missiles        Chrm/Air       #.....       21%         2    #......


Dungeon Overview and Level Annotations

Branches:
Dungeon (7/15)             Temple (1/1) D:7

Altars:
Ashenzari
Cheibriados
Dithmenos
Elyvilon
Fedhas
Gozag
Hepliaklqana
Kikubaaqudgha
Makhleb
Okawaru
Qazlal
Ru
Sif Muna
Trog
Uskayaw
Vehumet
Xom
Yredelemnul
Zin
The Shining One

Shops:
D:4 ?   D:5 !   D:6 *

Annotations:
D:7 Duvessa


Innate Abilities, Weirdness & Mutations

You can spit globs of acid.
You are resistant to acid.
Your golden yellow scales are hard. (AC +6)
You cannot fit into any form of body armour.
You are cold-blooded and may be slowed by cold attacks.


Message History

Duvessa is heavily wounded.
Duvessa hits you with a rapier!
* * * LOW HITPOINT WARNING * * *
Duvessa barely misses you.
You barely miss Duvessa.
Duvessa is heavily wounded.
Duvessa hits you with a rapier!
* * * LOW HITPOINT WARNING * * *
Duvessa barely misses you.
You hit Duvessa.
Your weapon exudes an aura of protection.
Duvessa is severely wounded.
Duvessa barely misses you. Duvessa closely misses you.
You hit Duvessa.
Duvessa is severely wounded.
Duvessa barely misses you.
You hit Duvessa.
Duvessa is almost dead.
Duvessa hits you but does no damage. Duvessa hits you with a rapier.
You die...

.....#........#
.....#........#
.....#........#
.....#........
.....'........
....##[..##'####
....##...#.....########.....
##..##...#....<............
8#..##)..#.....)@.........
_#.......#......e.../....
8#.......'..............
##..##...#..............
....###'##.....######'##
....##...#.....#..<5K(#
....##...#.....#.....>#
.........#.....#e.....#
.........'.....'..((..#


You could see Duvessa (berserk).

Vanquished Creatures
  A hungry ghost (D:6)
  2 ice beasts (D:6)
  A black bear (D:6)
  3 ogres
  A centaur (D:6)
  2 bullfrogs (D:6)
  Dowan (D:7)
  A scorpion (D:5)
  3 wights (D:7)
  A howler monkey (D:5)
  2 crimson imps (D:6)
  3 orc wizards
  4 orc priests
  A bullfrog skeleton (D:6)
  A jelly (D:6)
  An iguana (D:6)
  4 worker ants
  2 hound skeletons (D:4)
  8 adders
  3 gnolls (D:5)
  A shadow imp (D:6)
  An adder skeleton (D:4)
  2 adder zombies
  A worm (D:3)
  2 dart slugs (D:2)
  A leopard gecko (D:1)
  22 orcs
  3 ball pythons
  5 giant cockroaches
  5 goblins
  2 hobgoblins (D:2)
  4 jackals (D:1)
  7 kobolds
  5 quokkas
  A ball python skeleton (D:4)
  A ball python zombie (D:1)
  5 bats
  A jackal skeleton (D:4)
  A leopard gecko zombie (D:5)
  2 quokka skeletons
  2 rats (D:1)
119 creatures vanquished.

Vanquished Creatures (collateral kills)
  An ice beast (D:5)
  A centaur (D:5)
  An orc priest (D:5)
  A kobold (D:7)
4 creatures vanquished.

Grand Total: 123 creatures vanquished

Notes
Turn   | Place    | Note
-------+----------+-------------------------------------------
     0 | D:1      | dracos369 the Draconian Wizard began the quest for the Orb.
     0 | D:1      | Reached XP level 1. HP: 14/14 MP: 4/4
   316 | D:1      | Reached XP level 2. HP: 20/20 MP: 3/6
  1031 | D:3      | Found a shattered altar of Ashenzari.
  1225 | D:3      | Reached XP level 3. HP: 9/26 MP: 1/7
  1242 | D:3      | Became a worshipper of Ashenzari the Shackled
  1353 | D:3      | Found a bloodstained altar of Trog.
  1670 | D:4      | Reached XP level 4. HP: 30/33 MP: 3/8
  1679 | D:4      | Learned a level 2 spell: Blink
  1683 | D:4      | Learned a level 3 spell: Conjure Flame
  1686 | D:4      | Learned a level 2 spell: Repel Missiles
  1744 | D:4      | Noticed an ogre
  1787 | D:4      | Killed an ogre
  1787 | D:4      | Reached skill level 5 in Conjurations
  1787 | D:4      | Reached XP level 5. HP: 9/38 MP: 0/9
  2141 | D:4      | Reached * piety under Ashenzari
  2468 | D:4      | Found a shimmering altar of Xom.
  2491 | D:4      | Found Xoaz's Magic Scroll Shop.
  2502 | D:4      | Bought a scroll of remove curse for 39 gold pieces
  2502 | D:4      | Bought a scroll of identify for 26 gold pieces
  2502 | D:4      | Bought a scroll of amnesia for 45 gold pieces
  2502 | D:4      | Bought a scroll of fear for 45 gold pieces
  2735 | D:2      | Found a white marble altar of Elyvilon.
  2994 | D:2      | Found a blossoming altar of Fedhas.
  3194 | D:2      | You fall through a shaft for 2 floors!
  3265 | D:5      | Entered Level 5 of the Dungeon
  3343 | D:5      | Noticed an ice beast
  3544 | D:4      | Learned a level 2 spell: Call Imp
  3586 | D:5      | Reached XP level 6. HP: 40/45 MP: 7/10
  3629 | D:5      | Reached skill level 1 in Fighting
  3673 | D:5      | Found Tiowiz's Distillery.
  3687 | D:5      | Bought a potion of heal wounds for 70 gold pieces
  4121 | D:5      | Killed an ice beast
  4193 | D:5      | Found a hazy altar of Hepliaklqana.
  4487 | D:5      | Your scales start taking on a golden yellow colour.
  4487 | D:5      | Reached XP level 7. HP: 34/58 MP: 4/11
  4612 | D:6      | Learned a level 1 spell: Freeze
  4732 | D:6      | Reached skill level 1 in Ice Magic
  4953 | D:6      | Reached XP level 8. HP: 38/66 MP: 10/12
  5072 | D:6      | Reached skill level 5 in Ice Magic
  5095 | D:6      | Learned a level 3 spell: Ozocubu's Armour
  5551 | D:6      | Found Picoihiv's Assorted Antiques.
  5619 | D:6      | Bought a scroll labeled YVINAD KAIPUKESO for 20 gold pieces
  5619 | D:6      | Bought a scroll of remove curse for 60 gold pieces
  5694 | D:6      | Reached skill level 5 in Spellcasting
  5736 | D:7      | Found a staircase to the Ecumenical Temple.
  5741 | Temple   | Entered the Ecumenical Temple
  5827 | D:7      | Noticed Duvessa
  5834 | D:7      | Found an opulent altar of Gozag.
  5911 | D:7      | Upgraded the game from 0.19.0-18-g426998a to 0.19.0-19-g8c6edcc
  5968 | D:7      | Learned a level 4 spell: Summon Ice Beast
  6177 | D:7      | Reached ** piety under Ashenzari
  6184 | D:7      | Noticed Dowan
  6204 | D:7      | Killed Dowan
  6212 | D:7      | HP: 2/66 [Duvessa/rapier (7)]
  6215 | D:7      | Slain by Duvessa

Skill      XL: |  1  2  3  4  5  6  7  8 |
---------------+-------------------------+-----
Conjurations   | 2 3 5 6 |  6.1
Fighting       | 3 4 |  4.0
Dodging        | 2 3 |  3.1
Ice Magic      | 4 6 |  6.7
Spellcasting   | 5 |  5.6
Stealth        | |  1.7
Summonings     | |  1.0
Translocations | |  1.0

Action                   |  1- 3 |  4- 6 |  7- 9 || total
-------------------------+-------+-------+-------++-------
Melee: Unarmed           |     8 |       |       ||     8
       Short sword       |     4 |       |       ||     4
       Tailslap          |     5 |    17 |     7 ||    29
       Dagger            |    64 |   113 |    53 ||   230
       Falchion          |       |    33 |       ||    33
       Trident           |       |       |    69 ||    69
 Cast: Magic Dart        |    60 |   113 |    17 ||   190
       Repel Missiles    |       |     1 |       ||     1
       Call Imp          |       |     7 |     1 ||     8
       Freeze            |       |       |    42 ||    42
       Ozocubu's Armour  |       |       |     7 ||     7
       Conjure Flame     |       |       |     1 ||     1
Invok: Curse Item        |     1 |     1 |     1 ||     3
 Abil: Spit Acid         |       |       |    14 ||    14
  Use: Scroll            |       |    14 |     1 ||    15
       Potion            |       |       |     1 ||     1
 Stab: Sleeping          |     4 |     1 |     3 ||     8
  Eat: Chunk             |     2 |     3 |    12 ||    17
       Meat ration       |       |     1 |       ||     1
       Pizza             |       |       |     2 ||     2
       Beef jerky        |       |       |     1 ||     1
Armor: Skin              |    46 |    71 |   115 ||   232
Dodge: Dodged            |    51 |    93 |   116 ||   260
       Deflected         |       |       |     1 ||     1
       Rpst.: Falchion   |       |     6 |       ||     6
